 Dungeon Crawl Stone Soup version 0.30-a0-1103-g25895a7845 (webtiles) character file.

Game seed: 3261284968890085926

20090 NateTC the Basher (level 12, -6/80 HPs)
             Began as a Gargoyle Berserker on Apr 18, 2023.
             Was a High Priest of Trog.
             Mangled by a frost giant
             ... wielding a +1 battleaxe of freezing
              (31 damage)
             ... in an ice cave.
             The game lasted 00:40:39 (11125 turns).

NateTC the Basher (Gargoyle Berserker)             Turns: 11125, Time: 00:40:40

Health: -6/80      AC: 27    Str: 24    XL:     12   Next: 75%
Magic:  12/12      EV: 18    Int: 10    God:    Trog [*****.]
Gold:   732        SH:  0    Dex:  9    Spells: 11/11 levels left

rFire   . . .      SeeInvis .    I - +0 morningstar
rCold   + . .      Faith    .    (no shield)
rNeg    + + .      Spirit   .    E - +0 plate armour
rPois   ∞          Reflect  .    (no helmet)
rElec   +          Rampage  .    d - +1 cloak
rCorr   .                        a - +0 pair of gloves "Cuzode" {Fly rN+}
Will    +++..                    (no boots) Stlth
                                 (no amulet)
HPRegen 1.33/turn                f - +5 ring of evasion
MPRegen 0.13/turn                b - ring "Gostry" {rC+ Will+ EV+5}

@: strong-willed, on berserk cooldown, flying, regenerating, slowed, studying
Staves, very slow
A: sickness immunity, AC +8, negative energy resistance 1, electricity
resistance, torment resistance 1, petrification resistance
a: Renounce Religion, Berserk, Trog's Hand, Brothers in Arms


You were in an ice cave.
You worshipped Trog.
Trog was extremely pleased with you.
You visited 3 branches of the dungeon, and saw 13 of its levels.
You also visited: Bailey and Ice Cave.

You collected 1196 gold pieces.
You spent 464 gold pieces at shops.

Inventory:

Hand Weapons
 p - a +5 vampiric hammer
 I - a +0 morningstar (weapon)
Missiles
 H - 3 throwing nets (quivered)
Armour
 a - the +0 pair of gloves "Cuzode" (worn) {Fly rN+}
   (You found it in a bailey)

   rN:        It protects you from negative energy.
   Fly:       It grants you flight.
 d - a +1 cloak (worn)
 E - a +0 plate armour (worn)
Jewellery
 b - the ring "Gostry" (right hand) {rC+ Will+ EV+5}
   (You found it on level 4 of the Dungeon)

   [ring of evasion]

   EV:        It affects your evasion (+5).
   rC:        It protects you from cold.
   Will:      It increases your willpower.
 f - a +5 ring of evasion (left hand)
 w - a +6 ring of strength
 K - a +5 ring of evasion
 M - a ring of ice
Wands
 o - a wand of flame (49)
 y - a wand of charming (5)
 A - a wand of digging (1)
 D - a wand of iceblast (9)
 J - a wand of mindburst (11)
 P - a wand of polymorph (5)
Scrolls
 e - 2 scrolls of immolation
 n - 6 scrolls of teleportation
 r - 2 scrolls of fog
 s - 2 scrolls of poison
 u - a scroll of blinking
 B - a scroll of magic mapping
 C - 2 scrolls of enchant weapon
 L - a scroll of fear
 N - a scroll of enchant armour
 O - a scroll of butterflies
Potions
 c - 3 potions of lignification
 g - 3 potions of attraction
 h - a potion of resistance
 i - 5 potions of cancellation
 j - a potion of magic {unknown}
 k - 5 potions of curing
 l - 3 potions of might {unknown}
 m - 4 potions of flight
 q - 2 potions of haste
 t - a potion of heal wounds {unknown}
 v - 3 potions of mutation
 x - a potion of ambrosia {unknown}
 z - 2 potions of degeneration {unknown}
Miscellaneous
 F - a phantom mirror
 G - a phial of floods


   Skills:
 - Level 11.5 Fighting
 * Level 12.9 Maces & Flails
 - Level 10.2 Armour
 + Level 5.8 Dodging
 + Level 6.5 Evocations


You had 11 spell levels left.
You didn't know any spells.
Your spell library was empty.

Dungeon Overview and Level Annotations

Branches:
Dungeon (11/15) Zot: 25606  Temple (1/1) D:4 Zot: 5998    Lair (1/5) D:11 Zot: 5859
    Orc (0/2) D:10         Bailey (visited)           IceCv (1/1) Zot: 5487

Altars:
Dithmenos
Gozag
Hepliaklqana
Okawaru
Qazlal
Ru
Trog
Yredelemnul

Shops:
D:6 ?   D:9 (

Annotations:
D:10 exclusion: door


Innate Abilities, Weirdness & Mutations

You are immune to sickness and miasma.
Your stone body is resilient. (AC +8)
You are immune to poison.
You resist negative energy. (rN+)
You are resistant to electric shocks. (rElec)
You are resistant to unholy torment.
You are immune to petrification.


Message History

You are no longer berserk.
You are exhausted.
You feel yourself slow down. The death yak gores you.
You puncture the death yak!
The death yak is heavily wounded.
The death yak misses you.
You sock the death yak!
The death yak is severely wounded.
The death yak misses you.
You sock the death yak!
The death yak is almost dead.
The death yak gores you but does no damage.
You sock the death yak!
The death yak is almost dead.
The death yak completely misses you. The death yak closely misses you.
You puncture the death yak!
You kill the death yak!
Trog accepts your kill.
You barely miss the frost giant. You hit the frost giant.
The frost giant is lightly wounded.
The frost giant hits you with a +1 battleaxe of freezing!
The frost giant freezes you. The frost giant completely misses you.
You thump the frost giant!
The frost giant is lightly wounded.
The frost giant points at you and mumbles some strange words.
The bolt of cold hits you! You resist.
You hear an angry growl.
Your skin crawls.
You feel strong-willed.
The frost giant hits you but does no damage.
You bludgeon the frost giant!!
The frost giant is moderately wounded.
The frost giant misses you.
The wolf stops to sniff the ground.
The frost giant hits you with a +1 battleaxe of freezing!!
The frost giant freezes you.
The frost giant attacks as you move away!
The frost giant hits you with a +1 battleaxe of freezing!!
You die...

#### ## ### ##≈≈##
#.## ##.##
###≈≈..###.hh#
#.#.###≈#≈###.#h...#$[
##.#.##≈≈≈###@#Y.hY..#
####..≈≈###.#Ch#
##..##≈≈#.##h##
#...###≈##.#####
#....######.#..##
##.....# #......#
#...#..## #.⌠.##.##
##..###..# #)..##.†#
#..## ##.####.####.#


You could see a frost giant, a polar bear and a wolf.

Vanquished Creatures
  A boulder beetle (D:11)
  A catoblepas (Lair:1)
  2 two-headed ogres
  4 death yaks (IceCv)
  A naga warrior (D:10)
  Pikel (D:6)
  A manticore (D:6)
  An ice statue (IceCv)
  Joseph (D:9)
  A komodo dragon (D:11)
  2 unseen horrors
  A troll (D:11)
  2 polar bears (IceCv)
  Prince Ribbit (D:9)
  3 shadows
  25 yaks
  2 wraiths (D:11)
  A wyvern (D:8)
  A steam dragon (D:8)
  Grum (D:9)
  A water moccasin (D:7)
  3 ice beasts
  8 orc warriors
  A sky beast (D:6)
  An ogre (D:6)
  17 wolves
  2 lemures (D:6)
  6 centaurs
  2 phantoms
  A kobold brigand (D:6)
  9 gnoll sergeants
  2 scorpions (D:6)
  8 wights
  2 troll zombies (D:10)
  6 killer bees (D:6)
  7 electric eels
  7 howler monkeys
  5 hounds
  A jelly (D:8)
  Crazy Yiuf (D:2)
  10 gnoll boudas
  6 orc priests
  2 iguanas (D:6)
  8 orc wizards
  Natasha (thrice) (D:2)
  Terence (D:2)
  4 ogre zombies (D:10)
  28 gnolls
  7 adders
  A shadow imp (D:5)
  13 white imps
  2 ufetubi
  A worm (D:2)
  2 dart slugs
  42 orcs
  5 ball pythons
  5 endoplasms
  3 giant cockroaches
  10 goblins
  6 hobgoblins
  3 jackals (D:3)
  5 quokkas
  5 bats
  3 frilled lizards
  A goblin skeleton (D:10)
  2 goblin zombies (D:10)
  2 hobgoblin skeletons (D:10)
  3 hobgoblin zombies (D:10)
  4 kobolds
  2 orc skeletons (D:10)
  9 orc zombies (D:10)
  10 rats
351 creatures vanquished.

Vanquished Creatures (others)
  A fungus (D:2)
  5 plants
6 creatures vanquished.

Grand Total: 357 creatures vanquished

Notes
Turn   | Place    | Note
-------+----------+-------------------------------------------
     0 | D:1      | NateTC the Gargoyle Berserker began the quest for the Orb.
     0 | D:1      | Reached XP level 1. HP: 14/14 MP: 1/1
    94 | D:1      | Reached XP level 2. HP: 14/19 MP: 2/2
   379 | D:1      | Found a faded altar of an unknown god.
   660 | D:2      | Reached XP level 3. HP: 23/23 MP: 3/3
   663 | D:2      | Noticed Natasha
   676 | D:2      | Killed Natasha
   741 | D:2      | Found a runed translucent door.
   742 | D:2      | Noticed Crazy Yiuf
   820 | D:2      | Noticed Terence
   832 | D:2      | Killed Terence
   833 | D:2      | Reached XP level 4. HP: 29/29 MP: 4/4
   837 | D:2      | Reached ** piety under Trog
   852 | D:2      | Reached skill level 4 in Maces & Flails
  1074 | D:2      | Noticed Natasha
  1093 | D:2      | Killed Natasha
  1094 | D:2      | Reached XP level 5. HP: 10/33 MP: 5/5
  1463 | D:2      | Noticed Natasha
  1470 | D:2      | Killed Natasha
  1668 | D:2      | Killed Crazy Yiuf
  1818 | D:3      | Reached XP level 6. HP: 28/39 MP: 6/6
  2294 | D:4      | Identified the +0 leather armour "Conwoph" {-Cast rPois
                  | rN+++ Int-5}
  2310 | D:4      | Identified the ring "Gostry" {rC+ Will+ EV+5}
  2391 | D:4      | Reached skill level 5 in Maces & Flails
  2423 | D:4      | Found a staircase to the Ecumenical Temple.
  2428 | Temple   | Entered the Ecumenical Temple
  2590 | D:4      | Found a basalt altar of Yredelemnul.
  2745 | D:5      | Entered Level 5 of the Dungeon
  3062 | D:5      | Noticed an ice beast
  3072 | D:5      | Reached XP level 7. HP: 44/44 MP: 7/7
  3188 | D:6      | Reached skill level 5 in Fighting
  3188 | D:6      | Reached skill level 5 in Armour
  3207 | D:6      | Noticed a manticore
  3225 | D:6      | Reached skill level 6 in Maces & Flails
  3233 | D:6      | Killed a manticore
  3234 | D:6      | Reached XP level 8. HP: 47/51 MP: 8/8
  3269 | D:6      | Reached skill level 7 in Maces & Flails
  3575 | D:6      | Reached XP level 9. HP: 37/55 MP: 9/9
  3608 | D:6      | Reached skill level 8 in Maces & Flails
  4099 | D:6      | Noticed Pikel
  4117 | D:6      | Killed Pikel
  4211 | D:6      | Found Womiuth's Magic Scroll Shop.
  4502 | D:7      | Reached *** piety under Trog
  5020 | D:7      | Reached skill level 9 in Maces & Flails
  5066 | D:7      | Found the +4 consecrated labrys {holy, Valiant Fragile Fly
                  | SInv}
  5460 | D:8      | Reached XP level 10. HP: 48/63 MP: 10/10
  5512 | D:8      | Noticed a two-headed ogre
  5520 | D:8      | Killed a two-headed ogre
  5546 | D:8      | Reached skill level 10 in Armour
  5634 | D:8      | Found a flagged portal.
  5703 | Bailey   | Entered a bailey
  5713 | Bailey   | Reached **** piety under Trog
  5721 | Bailey   | Reached skill level 10 in Maces & Flails
  6103 | Bailey   | Reached skill level 1 in Evocations
  6224 | Bailey   | Identified the +0 pair of gloves "Cuzode" {Fly rN+}
  6996 | D:9      | Noticed Joseph
  6997 | D:9      | Found Niloph's Antique Weapon Shoppe.
  7012 | D:9      | Killed Joseph
  7069 | D:9      | Noticed Prince Ribbit
  7104 | D:9      | Killed Prince Ribbit
  7105 | D:9      | Reached XP level 11. HP: 68/69 MP: 11/11
  7151 | D:9      | Noticed Grum
  7219 | D:9      | Killed Grum
  7331 | D:9      | Noticed a two-headed ogre
  7357 | D:9      | Reached skill level 11 in Maces & Flails
  7367 | D:9      | Killed a two-headed ogre
  7368 | D:9      | Reached skill level 5 in Dodging
  7841 | D:10     | Entered Level 10 of the Dungeon
  7887 | D:10     | Found a staircase to the Orcish Mines.
  8038 | D:10     | Reached skill level 12 in Maces & Flails
  8155 | D:10     | Reached ***** piety under Trog
  8705 | D:10     | Found a large runed translucent door.
  8707 | D:10     | Found a large runed translucent door.
  8709 | D:10     | Noticed a naga warrior
  8738 | D:10     | Noticed a naga warrior
  8900 | D:10     | Found an iron altar of Okawaru.
  8909 | D:10     | Reached skill level 10 in Fighting
  8928 | D:10     | Killed a naga warrior
  8940 | D:10     | Found an iron altar of Okawaru.
  9146 | D:11     | Reached XP level 12. HP: 57/78 MP: 12/12
  9394 | D:11     | Reached skill level 5 in Evocations
  9542 | D:11     | Found a staircase to the Lair.
  9774 | D:11     | Noticed a boulder beetle
  9836 | D:11     | Killed a boulder beetle
 10298 | D:6      | Bought a scroll of identify for 30 gold pieces
 10298 | D:6      | Bought a scroll of enchant armour for 112 gold pieces
 10298 | D:6      | Bought a scroll of teleportation for 45 gold pieces
 10298 | D:6      | Bought a scroll of identify for 30 gold pieces
 10298 | D:6      | Bought 2 scrolls of teleportation for 90 gold pieces
 10298 | D:6      | Bought a scroll of enchant weapon for 112 gold pieces
 10298 | D:6      | Bought a scroll of teleportation for 45 gold pieces
 10455 | Lair:1   | Entered Level 1 of the Lair of Beasts
 10463 | Lair:1   | Found a frozen archway.
 10469 | Lair:1   | Noticed a catoblepas
 10488 | Lair:1   | Killed a catoblepas
 10598 | IceCv    | Entered an ice cave
 10987 | IceCv    | Noticed a death yak
 10987 | IceCv    | Noticed a death yak
 11005 | IceCv    | Killed a death yak
 11015 | IceCv    | Killed a death yak
 11092 | IceCv    | Noticed a death yak
 11092 | IceCv    | Noticed a frost giant
 11092 | IceCv    | Noticed a death yak
 11092 | IceCv    | Noticed a death yak
 11101 | IceCv    | Killed a death yak
 11119 | IceCv    | Killed a death yak
 11125 | IceCv    | Mangled by a frost giant

Illustrated notes

Levels and vault maps discovered:
D:1:      heliophobic_arrival_glass_houses, layout_basic,
          ebering_ecumenical_altar_petrified, chequers_serial_rivers_marsh,
          minmay_strange_pillars
D:2:      cheibrodos_helix_gallery, layout_basic, uniq_terence,
          uniq_crazy_yiuf_cottage, uniq_natasha
D:3:      layout_rooms
D:4:      layout_rooms, general_overflow_altar, temple_doors_cd, serial_glass,
          glass_columns_a, glass_columns_c
D:5:      layout_basic
D:6:      layout_loops_corners, serial_shops, shop, minmay_manual_moon,
          uniq_pikel
D:7:      layout_cave_pods
D:8:      layout_basic, enter_bailey_3
D:9:      layout_loops_ring, serial_shops, nicolae_shop_trees,
          serial_bayou_pond_b, uniq_prince_ribbit1, uniq_joseph, uniq_grum
D:10:     okawaru_arena_lexackson, layout_long_grid, zombieorc1_lemuel,
          kennysheep_generic_room_15
D:11:     layout_basic, david_lair_shrubbed, dk_noncrumbling_3,
          grunt_decor_clamped, minmay_fountain_box
Temple:   compressed_dpeg_triangle_lava_temple
Lair:1:   layout_loops_ring, portal_ice_cave_entry_imps
IceCv:    ice_cave_caverns_01

Skill      XL: |  1  2  3  4  5  6  7  8  9 10 11 12 |
---------------+-------------------------------------+-----
Dodging        | 2 4 5 |  5.8
Maces & Flails | 4 5 6 7 9 10 12 | 12.9
Fighting       | 4 5 6 7 8 10 11 | 11.5
Armour         | 3 4 6 7 9 10 | 10.2
Evocations     | 2 4 6 |  6.5

Action                     |  1- 3 |  4- 6 |  7- 9 | 10-12 || total
---------------------------+-------+-------+-------+-------++-------
  Melee: Mace              |    84 |   215 |   299 |   896 ||  1494
         Punch             |     1 |     1 |     3 |    18 ||    23
         Morningstar       |       |       |       |   193 ||   193
 Invoke: Berserk           |     2 |     5 |     4 |    12 ||    23
         Trog's Hand       |       |     3 |     3 |    14 ||    20
         Brothers in Arms  |       |       |       |     1 ||     1
  Evoke: Wand              |       |       |       |     3 ||     3
    Use: Scroll            |     3 |     7 |     4 |    13 ||    27
         Potion            |       |       |       |     1 ||     1
   Stab: Sleeping          |       |     1 |       |       ||     1
         Distracted        |       |       |       |     1 ||     1
         Petrifying        |       |       |       |     1 ||     1
         Petrified         |       |       |       |     1 ||     1
 Armour: Animal skin       |    34 |    17 |       |       ||    51
         Chain mail        |       |    95 |    94 |   115 ||   304
         Plate armour      |       |       |       |   447 ||   447
  Dodge: Dodged            |    56 |   172 |   334 |  1222 ||  1784

Table legend: (Time is in decaauts)
 A = Elapsed time spent in this place.
 B = Non-inter-level travel time spent in this place.
 C = Inter-level travel time spent in this place.
 D = Time resting spent in this place.
 E = Time spent auto-exploring this place.
 F = Levels seen in this place.
 G = Mean time per level.
                   A        B        C        D        E       F      G
               +--------+--------+--------+--------+--------+-----+--------+
         Total |  11200 |  10636 |    564 |   1474 |   4759 |  15 |  746.7 |
       Dungeon |   9704 |   9140 |    564 |    882 |   4619 |  11 |  882.2 |
        Temple |      1 |      1 |      0 |      0 |      0 |   1 |    1.0 |
          Lair |    140 |    140 |      0 |     89 |      0 |   1 |  140.0 |
        Bailey |    841 |    841 |      0 |    323 |    124 |   1 |  841.0 |
      Ice Cave |    512 |    512 |      0 |    179 |     16 |   1 |  512.0 |
               +--------+--------+--------+--------+--------+-----+--------+

Top non-repeatable levels by time:
     D:6: 1374 daAuts
     D:2: 1220 daAuts
    D:10: 1200 daAuts
    D:11: 1193 daAuts
     D:7: 948 daAuts
     D:9: 913 daAuts
  Bailey: 841 daAuts
     D:8: 792 daAuts
     D:1: 637 daAuts
     D:3: 555 daAuts
   IceCv: 512 daAuts
     D:4: 451 daAuts
     D:5: 416 daAuts
  Lair:1: 140 daAuts
  Temple: 1 daAuts
